 Dungeon Crawl Stone Soup version 0.14-a0-2001-g390038d (webtiles) character file.

370 Mitsuki the Covert (level 5, -7/25 HPs)
             Began as a Spriggan Assassin on Jan 18, 2014.
             Killed by divine providence
             ... invoked by an orc priest
              (13 damage)
             ... on Level 4 of the Dungeon.
             The game lasted 00:09:03 (3454 turns).

Mitsuki the Covert (Spriggan Assassin)              Turns: 3454, Time: 00:09:03

HP  -7/25        AC  4     Str  8      XL: 5   Next: 63%
MP  10/10        EV 18     Int 12      God:
Gold 151         SH  0     Dex 18      Spells:  0 memorised,  4 levels left

rFire  . . .     SeeInvis +     a - +2 dagger (curse)
rCold  . . .     Clarity  .     c - +0 robe
rNeg   . . .     Conserve .     (shield restricted)
rPois  .         rCorr    .     (helmet restricted)
rElec  .         rRot     .     v - +1 cloak
SustAb . .       Spirit   .     (gloves unavailable)
rMut   .         Warding  .     (boots unavailable)
Saprov . . .     Stasis   .     (no amulet)
MR     .....                    (no ring)
                                (no ring)

@: quite poisoned, very quick, not resistant to hostile enchantments, extremely
stealthy
A: unfitting armour, see invisible, herbivore 3, speed 3, slow metabolism 2
a: no special abilities


You were on level 4 of the Dungeon.
You were hungry.

You visited 1 branch of the dungeon, and saw 4 of its levels.

You collected 151 gold pieces.

Inventory:

Hand weapons
 a - a cursed +2,+2 dagger (weapon)
 b - a +0 blowgun
Missiles
 e - 23 poisoned needles
 f - 2 curare-tipped needles
Armour
 c - a +0 robe (worn)
 v - a +1 cloak (worn)
Comestibles
 i - 4 bread rations
 q - 2 chokos
Scrolls
 d - a scroll of curse jewellery {unknown}
 j - a scroll of blinking {unknown}
 k - 2 scrolls of noise {unknown}
 l - a scroll of recharging {unknown}
 n - a scroll of remove curse {unknown}
 o - a scroll of amnesia {unknown}
 r - 3 scrolls of identify
 s - a scroll of curse weapon
Jewellery
 u - an uncursed ring of wizardry
Potions
 g - a potion of porridge
 h - a potion of flight {unknown}
 m - 4 potions of curing
 p - a potion of invisibility {unknown}
 t - a potion of might {unknown}
 w - 2 potions of heal wounds
Books
 x - a book of Enchantments

   Spells                             Type                      Level
   Cause Fear                         Hexes                        4
   Silence                            Hexes/Air                    5
   Tukima's Dance                     Hexes                        5
   Deflect Missiles                   Charms/Air                   6
   Haste                              Charms                       6
   Discord                            Hexes                        8


   Skills:
 - Level 1.5 Fighting
 + Level 2.3 Short Blades
 - Level 2.1 Throwing
 + Level 3.0 Dodging
 - Level 10.1 Stealth


You had 4 spell levels left.
You didn't know any spells.

Dungeon Overview and Level Annotations

Branches:
Dungeon (4/16)
 Temple: D:4-7

Altars:

Annotations:
D:3 Bastard's ghost, average KoAs


Innate Abilities, Weirdness & Mutations

You are tiny and cannot use many weapons and most armour.
You have supernaturally acute eyesight.
You are a herbivore.
You cover ground extremely quickly.
You need consume almost no food.


Message History

You barely miss the orc wizard.
The orc wizard is lightly wounded.
The orc wizard points at you and mumbles some strange words.
The puff of frost misses you.
The orc wizard hits you but does no damage.
The orc priest calls upon Beogh to heal the orc wizard.
The orc wizard's wounds heal themselves!
You completely miss the orc wizard.
* * * LOW HITPOINT WARNING * * *
You feel sick. The orc wizard barely misses you.
You miss the orc wizard.
* * * LOW HITPOINT WARNING * * *
You feel sick.
The orc wizard hits you but does no damage.
The orc wizard completely misses you.
You closely miss the orc wizard.
The orc priest invokes the aid of Beogh against you.
Something smites you!
Ouch! That really hurt!
You die...

###.###..# ## #.#
#..#
#...#.###..###.#.
#.................
#...#.###..###.#.
##.##.# #?.# #. #.#
#..#
###.##.###o.###.#.#
........@oo........
###.##.###o.###.#.#
#.# #..# . #..#
#oo# #..o ##.## .#
.


You could see an orc priest, an orc wizard and 2 orcs.

Vanquished Creatures
  2 vampire bats (D:3)
  An inept feature mimic (D:2)
  5 adders
  2 worms (D:3)
  5 giant geckos
  2 orcs
  8 goblins
  4 hobgoblins
  7 jackals
  A ball python (D:1)
  11 bats
  2 giant cockroaches (D:2)
  7 giant newts
  8 kobolds
  7 rats
72 creatures vanquished.

Notes
Turn   | Place    | Note
--------------------------------------------------------------
     0 | D:1      | Mitsuki, the Spriggan Assassin, began the quest for the Orb.
     0 | D:1      | Reached XP level 1. HP: 10/10 MP: 2/2
     8 | D:1      | Reached skill level 6 in Stealth
   259 | D:1      | Reached XP level 2. HP: 11/14 MP: 4/4
   446 | D:1      | Reached skill level 7 in Stealth
  1046 | D:2      | Reached XP level 3. HP: 18/18 MP: 6/6
  1164 | D:2      | Reached skill level 8 in Stealth
  1662 | D:2      | Reached XP level 4. HP: 13/22 MP: 8/8
  2195 | D:3      | Noticed Bastard's ghost (average KoAs)
  2551 | D:3      | Reached skill level 9 in Stealth
  2977 | D:3      | Reached skill level 10 in Stealth
  2977 | D:3      | Reached XP level 5. HP: 12/25 MP: 10/10
  3454 | D:4      | Killed from afar by an orc priest

Action                   |  1- 3 |  4- 6 || total
-------------------------+-------+-------++-------
Melee: Dagger            |   126 |   130 ||   256
 Fire: Blowgun           |     9 |     7 ||    16
  Use: Scroll            |       |     2 ||     2
       Potion            |       |     2 ||     2
 Stab: Sleeping          |     6 |     9 ||    15
       Distracted        |     1 |     1 ||     2
